 Dungeon Crawl Stone Soup version 0.32-a0-558-g233958a4c4 (webtiles) character file.

Game seed: 18188296822673238871

455 javelincjr the Grasshopper (level 6, -12/47 HPs)
             Began as a Demonspawn Warper on Feb 29, 2024.
             Was a Follower of Beogh.
             Killed from afar by Ijyb (16 damage)
             ... with a bolt of dispelling energy
             ... on level 4 of the Dungeon.
             The game lasted 00:10:24 (3232 turns).

javelincjr the Grasshopper (Demonspawn Warper)      Turns: 3232, Time: 00:10:24

Health: -12/47     AC:  3    Str: 13    XL:     6   Next: 76%
Magic:  8/10       EV: 12    Int: 14    God:    Beogh [*.....]
Gold:   172        SH:  0    Dex: 12    Spells: 7/11 levels left

rFire   . . .        o - +2 trident (freeze)
rCold   . . .        (no shield)
rNeg    . . .        b - +0 leather armour
rPois   .            (no helmet)
rElec   .            (no cloak)
rCorr   +            (no gloves)
SInv    .            (no boots)
Will    .....        (no amulet)
Stlth   +            l - ring of resist corrosion
HPRegen 0.27/turn    (no ring)
MPRegen 0.24/turn

%: no passive effects
@: on blink cooldown
A: ignite blood 2, magic regeneration
a: Renounce Religion


You were on level 4 of the Dungeon.
You worshipped Beogh.
Beogh was aware of your devotion.
You visited 1 branch of the dungeon, and saw 4 of its levels.

You collected 172 gold pieces.

Inventory:

Hand Weapons
 a - a +0 spear
 n - a +0 scythe
 o - a +2 trident of freezing (weapon)
Missiles
 d - 7 darts of dispersal
 r - 2 boomerangs (quivered)
Armour
 b - a +0 leather armour (worn)
 k - a +0 scale mail
Jewellery
 l - a ring of resist corrosion (left hand)
Talismans
 e - a flux talisman
Wands
 j - a wand of digging (4)
 m - a wand of mindburst (9)
 v - a wand of warping (9)
Scrolls
 c - a scroll of blinking
 g - 2 scrolls of teleportation
 i - a scroll of vulnerability {unknown}
 q - a scroll of poison {unknown}
 u - a scroll of immolation {unknown}
Potions
 f - 2 potions of enlightenment
 h - a potion of brilliance {unknown}
 p - a potion of invisibility {unknown}
 s - 2 potions of lignification {unknown}
 t - a potion of curing


   Skills:
 + Level 3.4 Fighting
 + Level 3.1 Polearms
 - Level 0.8 Throwing
 + Level 2.6 Armour
 + Level 3.1 Dodging
 + Level 3.1 Spellcasting
 + Level 3.7 Translocations


You had 7 spell levels left.
You knew the following spells:

 Your Spells              Type           Power      Damage    Failure   Level
a - Blink                 Tloc           24%        N/A       9%          2
b - Lesser Beckoning      Tloc           24%        N/A       9%          2

Your spell library contained the following spells:

 Spells                   Type           Power      Damage    Failure   Level
 Teleport Other           Tloc           12%        N/A       17%         3
 Kiss of Death            Conj/Necr      8%         2d6       26%         1
 Manifold Assault         Tloc           12%        N/A       50%         4
 Confusing Touch          Hex            2%         N/A       63%         3
 Vhi's Electric Charge    Tloc/Air       14%        N/A       77%         4
 Dispel Undead            Necr           2%         3d7       95%         4


Dungeon Overview and Level Annotations

Branches:
Dungeon (4/15)
 Temple: D:4-7

Altars:
Qazlal

Annotations:
D:4 Ijyb


Innate Abilities, Weirdness & Mutations

Your demonic aura often causes spilled blood to erupt in flames.
You regenerate magic rapidly.


Message History

Press: ? - help, Q - select action, (/) - cycle Shift-Dir - straight line, f/p - Menkaure
Aim: Menkaure (severely damaged) Space twists violently!
The rupture engulfs Menkaure!
You destroy Menkaure!
Beogh accepts your kill.
Your Dodging skill increases to level 3!
An endoplasm comes into view.
You reach to attack!
You puncture the endoplasm! You freeze the endoplasm.
You kill the endoplasm!
Beogh accepts your kill.
No target in view!
Ijyb the Inquisitive comes into view.
She is wielding a +0 club and carrying a wand of quicksilver.
Ijyb shouts!
You reach to attack!
You closely miss Ijyb.
Ijyb zaps a wand.
The bolt of dispelling energy hits you!
You reach to attack!
You hit Ijyb. You freeze Ijyb.
Ijyb is lightly wounded.
You barely miss Ijyb.
Ijyb is lightly wounded.
Ijyb zaps a wand.
The bolt of dispelling energy misses you.
Ijyb zaps a wand.
The bolt of dispelling energy hits you!
You are too injured to fight recklessly!
You are too injured to fight recklessly!
You barely miss Ijyb.
Ijyb is lightly wounded.
Ijyb zaps a wand.
The bolt of dispelling energy hits you!!
* * * LOW HITPOINT WARNING * * *
You feel much better.
Ijyb zaps a wand.
The bolt of dispelling energy hits you!
* * * LOW HITPOINT WARNING * * *
As you read the scroll of teleportation, it crumbles to dust.
You feel strangely unstable.
Ijyb zaps a wand.
The bolt of dispelling energy hits you!
You feel strangely stable.
* * * LOW HITPOINT WARNING * * *
Cast which spell? (? or * to list)
You blink.
Ijyb zaps a wand.
The bolt of dispelling energy hits you!
You die...
Ijyb screams, "Time for next experiment!"

....######.......................
.................................
....######.......................
##### #....................... #
#°......................
#§...(..................
#g......................
#.......................
#......@................
#.......................
#..............†........
#.......................
........................
........................
........................
..#################.#### #......#


You could see Ijyb.

Vanquished Creatures
  Sigmund (D:2)
  Menkaure (D:4)
  A hound (D:4)
  An iguana (D:4)
  An orc wizard (D:3)
  2 adders (D:2)
  A white imp (D:4)
  A dart slug (D:1)
  2 ribbon worms
  5 orcs (D:3)
  6 endoplasms
  2 giant cockroaches (D:1)
  4 goblins
  11 hobgoblins
  2 jackals (D:3)
  6 kobolds
  3 quokkas (D:1)
  3 ball pythons
  3 bats
  A frilled lizard (D:1)
  3 goblin skeletons (D:4)
  A goblin zombie (D:4)
  A hobgoblin zombie (D:4)
  An orc skeleton (D:4)
  An orc zombie (D:4)
  2 rats
66 creatures vanquished.

Notes
Turn   | Place    | Note
-------+----------+-------------------------------------------
     0 | D:1      | javelincjr the Demonspawn Warper began the quest for the
                  | Orb.
     0 | D:1      | Reached XP level 1. HP: 16/16 MP: 3/3
     0 | D:1      | Upgraded the game from 0.32-a0-540-g866d13106e to
                  | 0.32-a0-558-g233958a4c4
    66 | D:1      | Reached skill level 1 in Armour
   326 | D:1      | Gained mutation: Your demonic aura sometimes causes spilled
                  | blood to erupt in flames. [demonic ancestry]
   326 | D:1      | Reached XP level 2. HP: 22/22 MP: 5/5
  1301 | D:2      | Noticed Sigmund
  1306 | D:2      | Killed Sigmund
  1307 | D:2      | Gained mutation: Your demonic aura often causes spilled
                  | blood to erupt in flames. [demonic ancestry]
  1307 | D:2      | Reached XP level 3. HP: 28/28 MP: 7/7
  1307 | D:2      | Reached XP level 4. HP: 34/34 MP: 8/8
  1307 | D:2      | Reached XP level 5. HP: 40/40 MP: 9/9
  1702 | D:2      | Learned a level 2 spell: Blink
  1705 | D:2      | Learned a level 2 spell: Lesser Beckoning
  2027 | D:3      | Became a worshipper of Beogh the Shepherd
  2269 | D:3      | Found a stormy altar of Qazlal.
  2743 | D:4      | Gained mutation: You regenerate magic rapidly. [demonic
                  | ancestry]
  2743 | D:4      | Reached XP level 6. HP: 47/47 MP: 10/10
  2762 | D:4      | Reached * piety under Beogh
  3164 | D:4      | Noticed Menkaure
  3168 | D:4      | Killed Menkaure
  3223 | D:4      | Noticed Ijyb
  3232 | D:4      | Killed from afar by Ijyb

Illustrated notes

Levels and vault maps discovered:
D:1:      dpeg_arrival_tiny_i, layout_loops_corners, bh_walls_and_bars
D:2:      layout_basic, minmay_tripent, uniq_sigmund
D:3:      layout_loops_cross, grunt_qazlal_clouds, serial_rivers,
          chequers_serial_rivers_marsh, chequers_serial_rivers_small_b,
          chequers_serial_rivers_micro_c, chequers_serial_rivers_marsh
D:4:      layout_basic, nicolae_tso_besieged_by_evil, uniq_menkaure, uniq_ijyb

Skill      XL: |  1  2  3  4  5  6 |
---------------+-------------------+-----
Armour         | 1 2 |  2.6
Polearms       | 2 3 |  3.1
Dodging        | 2 3 |  3.1
Translocations | 3 |  3.7
Fighting       | 3 |  3.4
Spellcasting   | 3 |  3.1
Throwing       | |  0.8

Action                     |  1- 3 |  4- 6 || total
---------------------------+-------+-------++-------
  Melee: Spear             |   110 |     2 ||   112
         Trident           |       |   121 ||   121
   Cast: Blink             |       |     1 ||     1
 Invoke: Convert to Beogh  |       |     1 ||     1
  Evoke: Wand              |     5 |     3 ||     8
    Use: Scroll            |       |     5 ||     5
         Potion            |       |     1 ||     1
   Stab: Sleeping          |     1 |       ||     1
 Armour: Leather armour    |    41 |    42 ||    83
  Dodge: Dodged            |    47 |    49 ||    96

Table legend: (Time is in decaauts)
 A = Elapsed time spent in this place.
 B = Non-inter-level travel time spent in this place.
 C = Inter-level travel time spent in this place.
 D = Time resting spent in this place.
 E = Time spent auto-exploring this place.
 F = Levels seen in this place.
 G = Mean time per level.
                   A        B        C        D        E       F      G
               +--------+--------+--------+--------+--------+-----+--------+
         Total |   3259 |   3171 |     88 |      0 |   2657 |   4 |  814.8 |
       Dungeon |   3259 |   3171 |     88 |      0 |   2657 |   4 |  814.8 |
               +--------+--------+--------+--------+--------+-----+--------+

Top non-repeatable levels by time:
     D:1: 1162 daAuts
     D:2: 858 daAuts
     D:3: 735 daAuts
     D:4: 504 daAuts
